 Dungeon Crawl Stone Soup version 0.22.1-1-ga44c0e56f4 (webtiles) character file.

11405 PikkenKukken the Merchant of Misery (level 11, -8/81 HPs)
             Began as a Demonspawn Wizard on Oct 6, 2018.
             Was a Believer of Kikubaaqudgha.
             Mangled by a black mamba (15 damage)
             ... on level 2 of the Lair of Beasts on Oct 7, 2018.
             The game lasted 02:05:04 (21629 turns).

PikkenKukken the Merchant of Misery (DsWz)         Turns: 21629, Time: 02:05:04

Health: -8/81      AC: 12    Str:  9    XL:     11   Next: 48%
Magic:  18/21      EV: 14    Int: 22    God:    Kikubaaqudgha [**....]
Gold:   740        SH:  0    Dex: 11    Spells: 8/24 levels left

rFire    . . .     SeeInvis .   a - +2 whip (elec)
rCold    . . .     Gourm    .   (no shield)
rNeg     . . .     Faith    .   r - +0 leather armour
rPois    .         Spirit   .   A - +1 hat
rElec    .         Reflect  .   i - +0 cloak
rCorr    +         Harm     .   (no gloves)
MR       .....                  (no boots)
Stlth    +++++.....             l - amulet of regeneration
HPRegen  1.63/turn              x - +4 ring of protection
MPRegen  0.17/turn              y - ring of resist corrosion

@: lethally poisoned (-8 -> -9), regenerating (expiring), drained
A: horns 2, iridescent scales 1, foul stench 1, nightstalker 2, rot immunity
a: Receive Corpses, Renounce Religion


You were on level 2 of the Lair of Beasts.
You worshipped Kikubaaqudgha.
Kikubaaqudgha was pleased with you.
You were not hungry.

You visited 3 branches of the dungeon, and saw 16 of its levels.
You also visited: Bailey.

You collected 740 gold pieces.

Inventory:

Hand Weapons
 a - a +2 whip of electrocution (weapon)
 b - a +0 blowgun
 e - a +0 dagger
 C - a +1 dagger of venom
Missiles
 h - 165 sling bullets
 u - 49 poisoned needles
 B - 6 needles of confusion
Armour
 i - a +0 cloak (worn)
 j - a +0 robe
 q - a +0 leather armour
 r - a +0 leather armour (worn)
 v - the +13 chain mail "Vakh" {Int+8 Slay+4}
   (You found it on level 1 of the Lair of Beasts)

   It affects your intelligence (+8).
   It affects your accuracy and damage with ranged weapons and melee attacks
   (+4).
 A - a +1 hat (worn)
Jewellery
 l - an amulet of regeneration (around neck)
 x - a +4 ring of protection (left hand)
 y - a ring of resist corrosion (right hand)
Wands
 p - a wand of flame (30)
 s - a wand of scattershot (7)
Scrolls
 c - a scroll of identify
 t - 3 scrolls of amnesia
 D - a scroll of magic mapping
 F - a scroll of remove curse
 G - a scroll of immolation
Potions
 f - 7 potions of flight
 g - a potion of ambrosia
 k - 2 potions of resistance
 n - 4 potions of brilliance
 o - a potion of mutation
 w - a potion of haste
 E - a potion of lignification
Miscellaneous
 m - a sack of spiders
 z - a lightning rod (3/4)
Comestibles
 d - 18 rations
 H - a chunk of flesh


   Skills:
 - Level 6.0(5.9) Fighting
 - Level 5.0(4.9) Maces & Flails
 + Level 7.0(6.9) Armour
 - Level 6.6(6.5) Dodging
 - Level 6.0(5.9) Stealth
 - Level 7.0(6.9) Spellcasting
 - Level 2.0(1.9) Conjurations
 - Level 2.1(2.0) Summonings
 - Level 8.0(7.8) Necromancy
 - Level 2.0(1.9) Translocations
 - Level 2.0(1.9) Air Magic
 - Level 2.0(1.9) Poison Magic


You had 8 spell levels left.
You knew the following spells:

 Your Spells              Type           Power        Failure   Level  Hunger
a - Magic Dart            Conj           ###.         4%          1    None
b - Blink                 Tloc           N/A          8%          2    None
c - Call Imp              Summ           ###.....     7%          2    None
d - Mephitic Cloud        Conj/Pois/Air  ###.....     16%         3    None
e - Regeneration          Chrm/Necr      ###.......   6%          3    None
f - Animate Skeleton      Necr           N/A          1%          1    None
g - Sublimation of Blood  Necr           #####.....   1%          2    None
h - Slow                  Hex            #.......     17%         2    None

Your spell library contained the following spells:

 Spells                   Type           Power        Failure   Level  Hunger
 Pain                     Necr           ####         1%          1    None
 Flame Tongue             Conj/Fire      ##...        8%          1    None
 Poisonous Vapours        Pois/Air       ###...       8%          2    None
 Throw Flame              Conj/Fire      ##....       11%         2    None
 Conjure Flame            Conj/Fire      ##......     22%         3    None
 Ignite Poison            Fire/Tmut/Pois ##......     26%         3    None
 Inner Flame              Hex/Fire       #.......     32%         3    None
 Sticky Flame             Conj/Fire      ##......     58%         4    ###....
 Fireball                 Conj/Fire      ##........   90%         5    #####..
 Bolt of Fire             Conj/Fire      ##........   100%        6    ######.
 Freezing Cloud           Conj/Ice/Air   ##........   100%        6    ######.
 Ring of Flames           Chrm/Fire      #.........   100%        7    #######
 Ignition                 Fire           #.........   100%        8    #######


Dungeon Overview and Level Annotations

Branches:
Dungeon (12/15)            Temple (1/1) D:6            Lair (3/6) D:8
  Swamp: Lair:2-4    Shoals: Lair:2-4     Snake: Lair:2-4    Spider: Lair:2-4
    Orc: D:9-12

Altars:
Cheibriados
Dithmenos
Elyvilon
Gozag
Hepliaklqana
Kikubaaqudgha
Makhleb
Nemelex Xobeh
Okawaru
Sif Muna
Uskayaw
Vehumet
Wu Jian
Xom
Yredelemnul
Zin

Annotations:
D:10 1 runed door, Venard's ghost, journeyman DrVM


Innate Abilities, Weirdness & Mutations

You have a pair of horns on your head.
You are partially covered in iridescent scales. (AC +2)
You may emit foul miasma when damaged in melee.
You are significantly more attuned to the shadows.
You are immune to rotting.


Message History

* * * LOW HITPOINT WARNING * * *
You are more poisoned.
The black mamba poisons you! The black mamba misses you.
You closely miss the black mamba. Your headbutt misses the black mamba.
The black mamba is almost dead.
You feel sick.
The black mamba bites you but does no damage.
You hit the black mamba but do no damage.
Your headbutt misses the black mamba.
The black mamba is almost dead.
You feel sick.
The black mamba bites you but does no damage.
The black mamba bites you!
* * * LOW HITPOINT WARNING * * *
You miss the black mamba.
The black mamba is almost dead.
Your skin is crawling a little less now.
You feel sick. The black mamba bites you!
You die...
Kikubaaqudgha rasps: "You have failed me!
Welcome... death!"

##.......# ##...##.........## #
##..P...###....##.##.P#...ยง####
###.#.............#....####...##.
.#....P.####.P.....#.### ##.####
...#########.......#.## #....#.
..#.# ##P..#........# #......
..### ##......##P....## #....##
#.P# #}.......#....#.## ###..##
..P# #........@S......# ##...
..## ##.............P.#### #.#.
...# ###.####...........# #...
P### #.## ###...##....###... ##
### #...#..##.....)...
##......#..##.....
#..P##..#..#.....
##.#####..#.....P. #### #####
#..# #.#..#......


You could see a black mamba.

Vanquished Creatures
  A death yak (D:7)
  Nergalle (Lair:3)
  A wizard (D:10)
  A manticore (D:9)
  A black mamba (Lair:3)
  3 spiny frogs
  A rime drake (Lair:2)
  A komodo dragon (Lair:2)
  4 hippogriffs
  4 yaks (D:10)
  A basilisk (Lair:3)
  A hungry ghost (D:9)
  5 water moccasins
  A sky beast (D:9)
  2 porcupines (Lair:1)
  An orc warrior (D:6)
  An ice beast (D:9)
  2 ogres
  A phantom (D:9)
  A black bear (D:10)
  4 centaurs
  3 crocodiles
  A big kobold (D:10)
  5 bullfrogs
  A scorpion (D:9)
  21 killer bees
  A howler monkey (D:10)
  2 crimson imps
  A quasit (D:6)
  3 hounds
  2 jellies
  8 orc wizards
  A bullfrog skeleton (D:5)
  7 orc priests
  A centaur skeleton (D:9)
  4 iguanas
  Natasha (D:3)
  4 worker ants
  A killer bee zombie (D:6)
  3 gnolls (D:8)
  3 adders
  A shadow imp (D:9)
  An ooze (D:2)
  2 adder skeletons
  A worm (D:6)
  5 leopard geckos
  40 orcs
  3 ball pythons
  4 bats
  7 giant cockroaches
  8 goblins
  8 hobgoblins
  11 jackals
  7 quokkas
  2 frilled lizards (D:4)
  4 kobolds
  A quokka skeleton (D:9)
  A quokka zombie (D:5)
  7 rats
224 creatures vanquished.

Vanquished Creatures (collateral kills)
  A hydra (D:10)
  An ugly thing (D:10)
  A spiny frog (Lair:2)
  2 yaks (D:10)
  4 hungry ghosts
  Menkaure (D:6)
  A water moccasin (Lair:1)
  A porcupine (Lair:1)
  An ice beast (D:5)
  A sky beast (D:7)
  4 ogres
  2 bullfrogs
  2 killer bees (D:9)
  3 howler monkeys
  4 crimson imps
  A bullfrog skeleton (D:3)
  A quasit (D:5)
  2 hounds
  2 orc priests
  2 orc wizards
  2 worker ants
  A hound zombie (D:7)
  A howler monkey zombie (D:9)
  2 adders
  An adder skeleton (D:10)
  2 worms
  A leopard gecko (D:10)
  11 orcs
  2 giant cockroaches
  2 goblins (D:7)
  2 hobgoblins (D:2)
  10 jackals
  A quokka (D:9)
  A bat (D:2)
  A frilled lizard (D:4)
  4 kobolds
81 creatures vanquished.

Vanquished Creatures (others)
  A queen bee (D:9)
  A gnoll (D:7)
  2 fungi (Lair:3)
4 creatures vanquished.

Grand Total: 309 creatures vanquished

Notes
Turn   | Place    | Note
-------+----------+-------------------------------------------
     0 | D:1      | PikkenKukken the Demonspawn Wizard began the quest for the
                  | Orb.
     0 | D:1      | Reached XP level 1. HP: 13/13 MP: 4/4
   111 | D:1      | Found a snail-covered altar of Cheibriados.
   552 | D:1      | Gained mutation: You are partially covered in iridescent
                  | scales. (AC +2) [demonic ancestry]
   552 | D:1      | Reached XP level 2. HP: 17/19 MP: 4/6
   578 | D:1      | Learned a level 2 spell: Blink
   581 | D:1      | Learned a level 2 spell: Call Imp
  1417 | D:2      | Found an iron altar of Okawaru.
  1419 | D:2      | Found a snail-covered altar of Cheibriados.
  1575 | D:2      | Gained mutation: You are slightly more attuned to the
                  | shadows. [demonic ancestry]
  1575 | D:2      | Reached XP level 3. HP: 18/24 MP: 4/8
  2322 | D:3      | Found a shimmering altar of Xom.
  2470 | D:3      | Reached XP level 4. HP: 14/30 MP: 7/10
  3010 | D:3      | Reached skill level 5 in Spellcasting
  3116 | D:3      | Learned a level 3 spell: Mephitic Cloud
  3386 | D:3      | Reached skill level 1 in Translocations
  3886 | D:3      | Noticed Natasha
  3904 | D:3      | Killed Natasha
  3904 | D:3      | Gained mutation: You are significantly more attuned to the
                  | shadows. [demonic ancestry]
  3904 | D:3      | Reached XP level 5. HP: 33/35 MP: 10/12
  4157 | D:3      | Found a hide-covered altar of Uskayaw.
  4168 | D:3      | Found an ornate altar of the Wu Jian Council.
  4168 | D:3      | Found a deep blue altar of Sif Muna.
  4593 | D:4      | Found a sand-covered staircase.
  4655 | D:3      | HP: 2/52 [worker ant (3)]
  5462 | D:4      | Reached XP level 6. HP: 32/42 MP: 6/13
  5586 | D:4      | Reached skill level 1 in Fighting
  5586 | D:4      | Reached skill level 1 in Armour
  6132 | D:5      | Entered Level 5 of the Dungeon
  6183 | D:5      | Noticed an ice beast
  6414 | D:5      | Killed an ice beast
  6414 | D:5      | Reached XP level 7. HP: 44/51 MP: 3/14
  7336 | D:5      | Found an opulent altar of Gozag.
  8441 | D:6      | Found a shadowy altar of Dithmenos.
  8450 | D:6      | Noticed Menkaure
  8674 | D:6      | Found a hazy altar of Hepliaklqana.
  9116 | D:6      | Killed Menkaure
  9312 | D:6      | Found a staircase to the Ecumenical Temple.
  9320 | Temple   | Entered the Ecumenical Temple
  9345 | Temple   | Became a worshipper of Kikubaaqudgha
  9945 | D:6      | Gained mutation: You are immune to rotting. [demonic
                  | ancestry]
  9945 | D:6      | Reached XP level 8. HP: 60/60 MP: 6/15
 10327 | D:7      | Reached skill level 1 in Necromancy
 10347 | D:7      | Reached skill level 2 in Necromancy
 10527 | D:7      | Noticed a hippogriff
 10542 | D:7      | Killed a hippogriff
 10542 | D:7      | Reached skill level 3 in Necromancy
 10641 | D:7      | Found a flagged portal.
 10687 | Bailey   | Entered a bailey
 11114 | D:7      | Reached skill level 4 in Necromancy
 11625 | D:8      | Noticed a hippogriff
 11641 | D:8      | Killed a hippogriff
 11641 | D:8      | Reached skill level 5 in Necromancy
 11752 | D:8      | Noticed a death yak
 11793 | D:8      | Noticed a death yak
 11971 | D:8      | Gained mutation: You have a pair of small horns on your
                  | head. [demonic ancestry]
 11971 | D:8      | Reached XP level 9. HP: 66/66 MP: 11/16
 12665 | D:8      | Reached skill level 5 in Fighting
 12795 | D:8      | Noticed a death yak
 12798 | D:8      | Noticed a death yak
 12798 | D:8      | Noticed a death yak
 12961 | D:9      | Noticed a manticore
 12993 | D:9      | Killed a manticore
 13500 | D:9      | Found a white marble altar of Elyvilon.
 13675 | D:9      | Noticed a queen bee
 13698 | D:9      | Killed a queen bee
 13727 | D:9      | HP: 2/69 [killer bee (4)]
 14386 | D:9      | Reached skill level 5 in Dodging
 14503 | D:9      | Reached * piety under Kikubaaqudgha
 14503 | D:9      | Identified Kikubaaqudgha's Almanac of Evil Magic
                  | (Kikubaaqudgha gifted it to you on level 9 of the Dungeon)
 14503 | D:9      | Received a gift from Kikubaaqudgha
 14548 | D:9      | HP: 1/69 [something (5)]
 14597 | D:9      | Reached skill level 1 in Air Magic
 14597 | D:9      | Reached skill level 1 in Poison Magic
 14927 | D:9      | Learned a level 3 spell: Regeneration
 14929 | D:9      | Learned a level 1 spell: Animate Skeleton
 14933 | D:9      | Learned a level 2 spell: Sublimation of Blood
 15549 | D:10     | Entered Level 10 of the Dungeon
 15549 | D:10     | Noticed a brown ugly thing
 15645 | D:9      | Gained mutation: You have a pair of horns on your head.
                  | [demonic ancestry]
 15645 | D:9      | Reached XP level 10. HP: 26/76 MP: 7/20
 15758 | D:10     | Noticed a wizard
 16037 | D:10     | Noticed a five-headed hydra
 16046 | D:10     | Killed a five-headed hydra
 16131 | D:10     | Reached skill level 6 in Necromancy
 16288 | D:10     | Killed a cyan ugly thing
 16555 | D:10     | Reached skill level 7 in Necromancy
 16596 | D:10     | Killed a wizard
 16596 | D:10     | Reached skill level 8 in Necromancy
 16660 | D:10     | Reached skill level 1 in Maces & Flails
 16724 | D:10     | Reached ** piety under Kikubaaqudgha
 16756 | D:10     | Found a runed door.
 16756 | D:10     | Found a shimmering altar of Xom.
 16756 | D:10     | Noticed Venard's ghost (journeyman DrVM)
 16757 | D:10     | Noticed a scimitar of chaos
 16836 | D:10     | Reached skill level 5 in Stealth
 18598 | D:7      | Killed a death yak
 18598 | D:7      | Gained mutation: You may emit foul miasma when damaged in
                  | melee. [demonic ancestry]
 18598 | D:7      | Reached XP level 11. HP: 61/81 MP: 9/21
 18918 | D:8      | Found a staircase to the Lair.
 18925 | Lair:1   | Entered Level 1 of the Lair of Beasts
 18942 | Lair:1   | Learned a level 2 spell: Slow
 19606 | Lair:1   | Got a steaming chain mail
 19607 | Lair:1   | Identified the +13 chain mail "Vakh" {Int+8 Slay+4} (You
                  | found it on level 1 of the Lair of Beasts)
 19632 | Lair:1   | Reached skill level 5 in Maces & Flails
 20378 | Lair:2   | Reached skill level 5 in Armour
 21031 | Lair:3   | Noticed Nergalle
 21058 | Lair:3   | Killed Nergalle
 21629 | Lair:2   | Mangled by a black mamba

Skill      XL: |  1  2  3  4  5  6  7  8  9 10 11 |
---------------+----------------------------------+-----
Spellcasting   | 4 5 7 |  7.0
Translocations | 1 2 |  2.0
Conjurations   | 2 |  2.0
Summonings     | 2 |  2.1
Dodging        | 2 4 5 6 |  6.6
Fighting       | 2 4 6 |  6.0
Armour         | 2 3 4 7 |  7.0
Stealth        | 4 6 |  6.0
Necromancy     | 5 8 |  8.0
Air Magic      | 1 2 |  2.0
Poison Magic   | 2 |  2.0
Maces & Flails | 3 5 |  5.0

Action                   |  1- 3 |  4- 6 |  7- 9 | 10-12 || total
-------------------------+-------+-------+-------+-------++-------
Melee: Whip              |   146 |   217 |   534 |   378 ||  1275
       Unarmed           |     5 |       |       |       ||     5
       Dagger            |       |    19 |       |       ||    19
       Headbutt          |       |       |    28 |    45 ||    73
 Fire: Blowgun           |       |       |       |    50 ||    50
 Cast: Magic Dart        |    19 |    22 |    35 |     7 ||    83
       Call Imp          |    18 |    30 |    88 |    23 ||   159
       Mephitic Cloud    |       |    11 |    58 |    35 ||   104
       Blink             |       |       |    14 |     8 ||    22
       Regeneration      |       |       |     9 |    40 ||    49
       Animate Skeleton  |       |       |       |    29 ||    29
       Slow              |       |       |       |     1 ||     1
Invok: Receive Corpses   |       |       |       |     2 ||     2
Evoke: Lightning rod     |       |       |       |     1 ||     1
  Use: Scroll            |     9 |     4 |    12 |     9 ||    34
       Potion            |       |     1 |     6 |     2 ||     9
 Stab: Sleeping          |     5 |     3 |     1 |     2 ||    11
       Confused          |       |     8 |     8 |     7 ||    23
       Distracted        |       |       |     3 |     2 ||     5
       Invisible         |       |       |       |     2 ||     2
  Eat: Chunk             |     5 |    10 |    21 |     6 ||    42
       Ration            |       |     1 |     5 |     7 ||    13
Armor: Robe              |    58 |    60 |    46 |       ||   164
       Skin              |       |    30 |     3 |       ||    33
       Leather armour    |       |       |   196 |    98 ||   294
       Chain mail        |       |       |       |    19 ||    19
Dodge: Dodged            |   145 |   162 |   405 |   238 ||   950
